 Dungeon Crawl Stone Soup version 0.31-a0-229-g1fc7ce93e2 (webtiles) character file.

Game seed: 13474351427063556689

51 qw the Shooter (level 3, -2/21 HPs)
             Began as a Gargoyle Hexslinger on July 6, 2023.
             Slain by a goblin
             ... wielding a +0 dagger
             ... led by Robin
              (5 damage)
             ... on level 2 of the Dungeon.
             The game lasted 00:00:25 (1155 turns).

qw the Shooter (Gargoyle Hexslinger)                Turns: 1155, Time: 00:00:26

Health: -2/21      AC:  8    Str: 11    XL:     3   Next: 83%
Magic:  4/4        EV: 11    Int: 13    God:
Gold:   84         SH:  0    Dex: 14    Spells: 3/4 levels left

rFire   . . .        Y - +1 sling
rCold   . . .        (no shield)
rNeg    + . .        h - +0 leather armour
rPois   inf          (no helmet)
rElec   +            (no cloak)
rCorr   .            i - +0 pair of gloves
SInv    .            f - +0 pair of boots
Will    .....        e - amulet of regeneration
Stlth   +            (no ring)
HPRegen 1.03/turn    (no ring)
MPRegen 0.09/turn

%: no passive effects
@: no status effects
A: sickness immunity, AC +3, negative energy resistance 1, electricity
resistance, torment resistance 1, petrification resistance
a: no special abilities


You were on level 2 of the Dungeon.
You visited 1 branch of the dungeon, and saw 2 of its levels.

You collected 84 gold pieces.


Innate Abilities, Weirdness & Mutations

You are immune to sickness and miasma.
Your stone body is resilient. (AC +3)
You are immune to poison.
You resist negative energy. (rN+)
You are resistant to electric shocks. (rElec)
You are resistant to unholy torment.
You are immune to petrification.


   Skills:
 - Level 2.2 Fighting
 + Level 3.5 Ranged Weapons
 - Level 1.5 Dodging
 - Level 1.0 Spellcasting
 - Level 2.6 Hexes


You had 3 spell levels left.
You knew the following spells:

 Your Spells              Type           Power      Damage    Failure   Level
a - Slow                  Hex            28%        N/A       12%         1

Your spell library contained the following spells:

 Spells                   Type           Power      Damage    Failure   Level
 Inner Flame              Hex/Fire       4%         N/A       54%         3
 Portal Projectile        Hex/Tloc       8%         N/A       54%         3
 Cause Fear               Hex            3%         N/A       77%         4

Inventory:

Hand Weapons
 Y - a +1 sling (weapon)
Armour
 f - a +0 pair of boots (worn)
 h - a +0 leather armour (worn)
 i - a +0 pair of gloves (worn)
Jewellery
 e - an amulet of regeneration (around neck)
Scrolls
 a - a scroll of fear {unknown}
Potions
 b - 2 potions of curing {unknown}
 c - a potion of enlightenment {unknown}

Dungeon Overview and Level Annotations

Branches:
Dungeon (2/15)

Altars:

Annotations:
D:2 Robin


Message History

The goblin hits you with a +0 dagger. The hobgoblin barely misses you.
You shoot a sling bullet. The sling bullet hits Robin.
Robin is lightly wounded.
The goblin no longer looks unusually strong.
Robin says, "We wiped out the hill dwarves - you're next!"
Robin barely misses you. The goblin barely misses you.
The goblin hits you but does no damage. x3; The hobgoblin misses you.
The goblin barely misses you. The goblin hits you with a +0 dagger.
The goblin hits you but does no damage. Robin hits you but does no damage.
The goblin hits you but does no damage. The hobgoblin barely misses you.
The goblin hits you but does no damage. The goblin barely misses you.
You shoot a sling bullet. The sling bullet hits Robin.
Robin is moderately wounded.
The goblin no longer looks unusually strong. x2
The goblin barely misses you. The goblin hits you with a +0 dagger.
The goblin completely misses you. The goblin hits you with a +0 dagger.
The hobgoblin misses you.
Robin says, "A pitiful Gargoyle like you will never find the ORB!"
The goblin hits you but does no damage.
You shoot a sling bullet. The sling bullet hits Robin.
Robin is heavily wounded.
The goblin no longer looks unusually strong.
The goblin misses you.
The goblin hits you but does no damage. x3
The hobgoblin hits you. The goblin closely misses you.
You shoot a sling bullet. The sling bullet closely misses Robin.
The sling bullet closely misses the goblin.
The goblin no longer looks unusually strong.
Robin hits you but does no damage. The goblin closely misses you.
The goblin hits you but does no damage. x2; The goblin misses you.
The hobgoblin misses you. The goblin closely misses you.
You shoot a sling bullet. The sling bullet hits Robin.
Robin is severely wounded.
The goblin no longer looks unusually strong.
Robin roars a battlecry!
The goblins go into a battle-frenzy!
The goblin hits you but does no damage. The goblin closely misses you.
The goblin hits you but does no damage. The goblin misses you.
The hobgoblin hits you but does no damage.
The goblin hits you with a +0 dagger.
You die...

#..###..#
#.####
##.....##
#..#..
#######
##.#.#
#.#.# #.#.#
#...# ##..#
##gg# #g@g#
...[..ggg.#
.......g..#
..#.......#
. #..[....#
#.......#
+.......#
#.......#


You could see Robin, a hobgoblin (strong) and 6 goblins.

Vanquished Creatures
  An adder (D:2)
  A dart slug (D:1)
  An endoplasm (D:1)
  A giant cockroach (D:2)
  14 goblins
  7 hobgoblins
  A quokka (D:1)
  2 ball pythons (D:1)
  3 frilled lizards (D:1)
  3 kobolds
  A rat (D:1)
35 creatures vanquished.

Notes
Turn   | Place    | Note
-------+----------+-------------------------------------------
     0 | D:1      | qw the Gargoyle Hexslinger began the quest for the Orb.
     0 | D:1      | Reached XP level 1. HP: 12/12 MP: 2/2
     0 | D:1      | 0 ||| qw: Version: 0.3-a-46-gb1f654a
     0 | D:1      | 0 ||| qw: Game counter: 1166
     0 | D:1      | 0 ||| qw: Melee chars always use a shield: true
     0 | D:1      | 0 ||| qw: God list: Okawaru
     0 | D:1      | 0 ||| qw: Allow faded altars: false
     0 | D:1      | 0 ||| qw: Do Orc after clearing Dungeon:15 true
     0 | D:1      | 0 ||| qw: Do second Lair branch before Depths: true
     0 | D:1      | 0 ||| qw: Lair rune preference: random
     0 | D:1      | 0 ||| qw: Goals: Normal
     0 | D:1      | 0 ||| PLANNING D:1-11
   242 | D:1      | Reached XP level 2. HP: 9/16 MP: 3/3
   316 | D:1      | Found a faded altar of an unknown god.
   419 | D:1      | Reached skill level 3 in Ranged Weapons
   741 | D:1      | 741 ||| UPGRADING to +0 pair of boots.
   746 | D:1      | 746 ||| UPGRADING to +0 leather armour.
   756 | D:1      | 756 ||| DROPPING +0 robe.
   757 | D:1      | 757 ||| UPGRADING to +0 pair of gloves.
   762 | D:1      | 762 ||| UPGRADING to amulet of regeneration.
   767 | D:1      | 767 ||| READING 2 scrolls labelled NUB CYTOSUSCH.
   768 | D:1      | 768 ||| READING scroll labelled PYUMYH VATYNEMAZ.
   769 | D:1      | 769 ||| READING scroll labelled HOSAQACLUPHI.
   770 | D:1      | 770 ||| DROPPING scroll of immolation.
   771 | D:1      | 771 ||| DROPPING scroll of poison.
  1027 | D:2      | Reached XP level 3. HP: 21/21 MP: 4/4
  1140 | D:2      | Noticed Robin
  1152 | D:2      | HP: 5/21 [goblin/+0 dagger[Robin] (2)]
  1153 | D:2      | HP: 1/21 [hobgoblin[Robin] (5)]
  1155 | D:2      | Slain by a goblin

Levels and vault maps discovered:
D:1:      amcnicky_arrival_feature_with_door, layout_basic,
          ebering_ecumenical_altar_abandoned
D:2:      cheibrodos_greedy_goblins, layout_basic, uniq_robin

Skill      XL: |  1  2 |
---------------+-------+-----
Ranged Weapons | 3 |  3.5
Fighting       | 2 |  2.2
Dodging        | |  1.5
Spellcasting   | |  1.0
Hexes          | |  2.6

Action                     || total
---------------------------++-------
   Fire: Sling             ||   105
    Use: Scroll            ||     3
 Armour: Robe              ||     7
         Leather armour    ||    60
  Dodge: Dodged            ||    95

Table legend:
 A = Non-vault XP
 B = Vault XP
 C = Vault XP percentage of total XP
 D = Non-vault monster count
 E = Vault monster count
 F = Vault count percentage of total count
                 A         B        C        D         E       F
            +---------+---------+-------+---------+---------+-------
      Total |      44 |      30 |  40.5 |      20 |      15 |  42.9
            +---------+---------+-------+---------+---------+-------
        D:1 |      20 |       0 |   0.0 |      13 |       0 |   0.0
        D:2 |      24 |      30 |  55.6 |       7 |      15 |  68.2
            +---------+---------+-------+---------+---------+-------
